 Dungeon Sprint DCSS version 0.24.0-1-gfbc8707 (webtiles) character file.

Game seed: 7157324236835600352, levelgen mode: deterministic

14622 Fang the Warrior (level 12, 0/93 HPs)
             Began as a Gargoyle Berserker on Nov 1, 2019.
             Was the Champion of Trog.
             Splashed by an acid blob's acid (6 damage)
             ... in the Dungeon (Sprint V: "Ziggurat Sprint").
             The game lasted 00:03:25 (900 turns).

Fang the Warrior (Gargoyle Berserker)                Turns: 900, Time: 00:03:25

Health: 0/93       AC: 27    Str: 32    XL:     12   Next: 18%
Magic:  12/12      EV:  6    Int: 10    God:    Trog [******]
Gold:   0          SH: 26    Dex: 12    Spells: 11/11 levels left

rFire    + . .     SeeInvis .   j - +5 broad axe
rCold    . . .     Gourm    .   G - +18 shield of the Gong {rElec rN+ MR+ EV-5}
rNeg     + + +     Faith    .   b - +15 Maxwell's patent armour {-Cast -Tele rElec MR+ rCorr}
rPois    ∞         Spirit   .   (no helmet)
rElec    +         Reflect  .   (no cloak)
rCorr    +         Harm     .   (no gloves)
MR       ++...     NoTele   +   (no boots) Stlth ..........NoCast +
                                (no amulet)
HPRegen  0.25/turn              F - +6 ring of strength
MPRegen  0.13/turn              D - ring of Efat {+Inv rF+ rN+ Int+2 Dex+3}

@: corroded, berserk cooldown, slowed, studying 2 skills, very slow
A: negative energy resistance 1, electricity resistance, unbreathing,
petrification resistance, rot immunity, AC +8
a: Berserk, Trog's Hand, Brothers in Arms, Renounce Religion, Evoke Invisibility


You were in the Dungeon.
You worshipped Trog.
Trog was exalted by your worship.
You were very hungry.

You visited 1 branch

Inventory:

Hand Weapons
 a - a +5 battleaxe
 j - a +5 broad axe (weapon)
 k - a +5 executioner's axe
 I - the +10 battleaxe of Orb Guardian's Death {holy, rN+ Dex+6}
   (Trog gifted it to you in the Dungeon)

   It has been blessed by the Shining One to cause great damage to the undead
   and demons.
   It affects your dexterity (+6).
   It protects you from negative energy.
Armour
 b - the +15 Maxwell's patent armour (worn) {-Cast -Tele rElec MR+ rCorr}
   (You found it in the Dungeon)

   It insulates you from electricity.
   It affects your resistance to hostile enchantments.
   It prevents spellcasting.
   It prevents most forms of teleportation.
   It provides partial protection from all sources of acid and corrosion.
 G - the +18 shield of the Gong (worn) {rElec rN+ MR+ EV-5}
   (You found it in the Dungeon)

   It affects your evasion (-5).
   It insulates you from electricity.
   It protects you from negative energy.
   It affects your resistance to hostile enchantments.
Jewellery
 z - a +5 ring of evasion
 C - an uncursed amulet of rage
 D - the ring of Efat (right hand) {+Inv rF+ rN+ Int+2 Dex+3}
   (You found it in the Dungeon)

   [ring of dexterity]

   It affects your intelligence (+2).
   It affects your dexterity (+3).
   It protects you from fire.
   It protects you from negative energy.
   It lets you turn invisible.
 E - a +6 ring of strength
 F - a +6 ring of strength (left hand)
 H - an uncursed ring of protection from cold
 K - the amulet "Hoenkuty" {RegenMP Stlth+}
   (You found it in the Dungeon)

   [amulet of magic regeneration]

   It increases your magic regeneration.
   It makes you more stealthy.
 L - an uncursed ring of protection from cold
 M - an uncursed ring of flight
Wands
 w - a wand of disintegration (7)
 x - a wand of iceblast (7)
 y - a wand of acid (7)
Scrolls
 i - 4 scrolls of blinking
 l - 7 scrolls of fog
 m - a scroll of holy word
 n - 4 scrolls of identify
 o - 5 scrolls of remove curse
 p - 2 scrolls of fear
Potions
 d - 10 potions of curing
 e - 9 potions of heal wounds
 f - 10 potions of haste
 g - 7 potions of magic
 h - 3 potions of berserk rage
 q - 2 potions of brilliance
 r - 2 potions of invisibility
 s - 4 potions of resistance
 t - a potion of experience
 u - 5 potions of agility
 v - 5 potions of might
Books
 B - a manual of Shields
 J - a manual of Polearms
Comestibles
 c - 7 rations
 A - 20 chunks of flesh


   Skills:
 * Level 18.3 Fighting
 * Level 15.8 Axes
 + Level 13.4 Armour
 + Level 10.8 Dodging


You had 11 spell levels left.
You didn't know any spells.
Your spell library was empty.

Dungeon Overview and Level Annotations

Branches:
Dungeon (1/1)

Altars:
Ashenzari
Cheibriados
Dithmenos
Elyvilon
Fedhas
Gozag
Hepliaklqana
Kikubaaqudgha
Makhleb
Nemelex Xobeh
Okawaru
Qazlal
Ru
Sif Muna
Trog
Uskayaw
Vehumet
Wu Jian
Xom
Yredelemnul
Zin
The Shining One
Beogh
Jiyva
Lugonu

Annotations:
D 1 transporter


Innate Abilities, Weirdness & Mutations

You are resistant to torment.
Your stone body is resilient. (AC +8)
You are immune to poison.
You resist negative energy. (rN+)
You are resistant to electric shocks. (rElec)
You can survive without breathing.
You are immune to petrification.
You are immune to rotting.


Message History

BOUMMMMG!
The great orb of eyes bites you!
* * * LOW HITPOINT WARNING * * *
The death ooze hits you!
* * * LOW HITPOINT WARNING * * *
You feel terrible.
The death ooze hits you but does no damage.
A very large slime creature splits.
You are too injured to fight recklessly!
You slash the slime creature!
The slime creature is heavily wounded.
You hit the large slime creature. You hit the acid blob but do no damage.
Your hands burn!
* * * LOW HITPOINT WARNING * * *
You slash the death ooze!
You hit the great orb of eyes but do no damage.
The acid blob spits acid at you.
The splash of acid hits you but does no damage.
You are splashed with acid.
You resist.
You die...

▓..|)|:}=.▓..)})):..▓..
▓..|:[):..▓..:.).[..▓..
▓.........▓.........▓..
▓.G.......▓.........▓..
▓.........▓.........▓..
▓.........▓...).)...▓..
▓..▓..J▓..▓...)))...▓.▓
▓.▓..JJJ▓.▓.▓..)..▓.▓..
▓...JG@J..▓....©....▓▓▓
▓▓▓▓▓▓▓▓▓▓▓▓▓▓▓▓▓▓▓▓▓


You could see an acid blob, a great orb of eyes, 2 large slime creatures, a
slime creature, a death ooze, an ooze and a golden eye.

Vanquished Creatures
  A deep elf master archer (D)
  A deep elf annihilator (D)
  2 two-headed ogres (D)
  A deep elf knight (D)
  2 deep elf archers (D)
  A spriggan druid (D)
  A wolf spider (D)
  3 deep elf magi (D)
  2 black mambas (D)
  A rime drake (D)
  3 hornets (D)
  A troll (D)
  A jumping spider (D)
  7 spriggans (D)
  A tarantella (D)
  2 fire elementals (D)
  A steam dragon (D)
  3 water moccasins (D)
  A naga (D)
  An acid dragon (D)
  A swamp drake (D)
  2 black bears (D)
  An orc warrior (D)
  An ogre (D)
  3 wolves (D)
  An earth elemental (D)
  3 scorpions (D)
  An orc priest (D)
  4 orc wizards (D)
  2 adders (D)
  A shadow imp (D)
  A white imp (D)
  An ooze (D)
  An orc (D)
  5 ball pythons (D)
64 creatures vanquished.

Vanquished Creatures (collateral kills)
  A deep elf blademaster (D)
  An earth elemental (D)
2 creatures vanquished.

Vanquished Creatures (others)
  A wyvern (D)
  A steam dragon (D)
2 creatures vanquished.

Grand Total: 68 creatures vanquished

Notes
Turn   | Place    | Note
-------+----------+-------------------------------------------
     0 | D        | Fang the Gargoyle Berserker began the quest for the Orb.
     0 | D        | Reached XP level 1. HP: 14/14 MP: 1/1
     6 | D        | Found a blossoming altar of Fedhas.
     7 | D        | Found the +6 Majin-Bo {vamp, Archmagi MP+6 Int+6}
     7 | D        | Found the +7 great mace "Firestarter" {inner flame, rF++}
     7 | D        | Found a transporter.
     7 | D        | Found a viscous altar of Jiyva.
     7 | D        | Found an ancient bone altar of Kikubaaqudgha.
     7 | D        | Found a hazy altar of Hepliaklqana.
     7 | D        | Found a corrupted altar of Lugonu.
     7 | D        | Found an opulent altar of Gozag.
     7 | D        | Found a burning altar of Makhleb.
    12 | D        | Found an iron altar of Okawaru.
    12 | D        | Found a stormy altar of Qazlal.
    12 | D        | Found a sparkling altar of Nemelex Xobeh.
    12 | D        | Found a sacrificial altar of Ru.
    12 | D        | Found a shimmering blue altar of Sif Muna.
    18 | D        | Found the +9 heavy crossbow "Sniper" {velocity, Acc+∞ SInv}
    18 | D        | Found the +10 dark maul {crush}
    18 | D        | Found the +15 Maxwell's patent armour {-Cast -Tele rElec
                  | MR+ rCorr}
    18 | D        | Found the +18 shield of the Gong {rElec rN+ MR+ EV-5}
    18 | D        | Found the cursed +14 obsidian axe {chop, +Fly SInv *Curse}
    40 | D        | Found a bloodstained altar of Trog.
    80 | D        | Entered arena 2.
    80 | D        | Found a transporter.
    82 | D        | Reached skill level 4 in Fighting
    82 | D        | Reached XP level 2. HP: 20/20 MP: 2/2
    83 | D        | Reached ** piety under Trog
   119 | D        | Entered arena 3.
   119 | D        | Noticed a fire elemental
   119 | D        | Noticed a fire elemental
   119 | D        | Noticed a deep elf archer
   119 | D        | Found a transporter.
   126 | D        | Killed a fire elemental
   126 | D        | Reached skill level 7 in Fighting
   126 | D        | Reached skill level 5 in Armour
   126 | D        | Reached XP level 3. HP: 28/28 MP: 3/3
   126 | D        | Reached XP level 4. HP: 34/34 MP: 4/4
   126 | D        | Reached XP level 5. HP: 38/38 MP: 5/5
   126 | D        | Killed a fire elemental
   126 | D        | Reached skill level 8 in Fighting
   126 | D        | Reached XP level 6. HP: 45/45 MP: 6/6
   145 | D        | Killed a deep elf archer
   145 | D        | Reached *** piety under Trog
   145 | D        | Reached skill level 11 in Fighting
   145 | D        | Reached XP level 7. HP: 47/54 MP: 7/7
   181 | D        | Entered arena 4.
   181 | D        | Noticed a two-headed ogre
   181 | D        | Noticed a troll
   181 | D        | Noticed a two-headed ogre
   181 | D        | Found a transporter.
   185 | D        | Reached XP level 8. HP: 60/60 MP: 8/8
   188 | D        | Killed a two-headed ogre
   188 | D        | Reached skill level 12 in Fighting
   188 | D        | Reached skill level 10 in Axes
   189 | D        | Killed a troll
   189 | D        | Reached XP level 9. HP: 67/67 MP: 9/9
   192 | D        | Killed a two-headed ogre
   192 | D        | Reached **** piety under Trog
   192 | D        | Reached skill level 13 in Fighting
   233 | D        | Entered arena 5.
   233 | D        | Found a transporter.
   257 | D        | Entered arena 6.
   257 | D        | Found a transporter.
   262 | D        | Reached ***** piety under Trog
   262 | D        | Reached skill level 10 in Armour
   262 | D        | Received a gift from Trog
   264 | D        | Reached skill level 14 in Fighting
   279 | D        | Got the ring of Efat {+Inv rF+ rN+ Int+2 Dex+3}
   312 | D        | Entered arena 7.
   312 | D        | Noticed a wolf spider
   312 | D        | Noticed a jumping spider
   313 | D        | Found a transporter.
   316 | D        | Reached XP level 10. HP: 75/75 MP: 10/10
   331 | D        | Killed a wolf spider
   347 | D        | Entered arena 8.
   348 | D        | Found a transporter.
   353 | D        | Reached skill level 15 in Fighting
   356 | D        | Received a gift from Trog
   383 | D        | Entered arena 9.
   384 | D        | Found a transporter.
   389 | D        | Reached ****** piety under Trog
   397 | D        | Received a gift from Trog
   408 | D        | Got a pitted battleaxe {god gift}
   409 | D        | Identified the +10 battleaxe of Orb Guardian's Death {holy,
                  | rN+ Dex+6} (Trog gifted it to you in the Dungeon)
   564 | D        | Entered arena 10.
   564 | D        | Noticed a spriggan rider
   564 | D        | Noticed a spriggan rider
   564 | D        | Noticed a spriggan rider
   564 | D        | Noticed a spriggan druid
   565 | D        | Found a transporter.
   570 | D        | Killed a spriggan druid
   571 | D        | Received a gift from Trog
   586 | D        | Killed a spriggan rider
   586 | D        | Reached XP level 11. HP: 83/83 MP: 11/11
   586 | D        | Reached skill level 16 in Fighting
   678 | D        | Entered arena 11.
   679 | D        | Found a transporter.
   681 | D        | Received a gift from Trog
   692 | D        | Received a gift from Trog
   703 | D        | Got the amulet "Hoenkuty" {RegenMP Stlth+}
   717 | D        | Entered arena 12.
   717 | D        | Noticed a deep elf archer
   717 | D        | Noticed a deep elf knight
   717 | D        | Noticed a deep elf blademaster
   717 | D        | Noticed a deep elf mage
   717 | D        | Noticed a deep elf annihilator
   717 | D        | Noticed a deep elf mage
   718 | D        | Identified the +10 demon blade of the Thoughtful Souls
                  | {antimagic, rElec}
   718 | D        | Noticed a deep elf mage
   718 | D        | Noticed a deep elf master archer
   720 | D        | Found a transporter.
   727 | D        | Killed a deep elf mage
   730 | D        | Killed a deep elf knight
   730 | D        | Reached skill level 10 in Dodging
   732 | D        | Killed a deep elf mage
   732 | D        | Reached skill level 17 in Fighting
   733 | D        | Killed a deep elf annihilator
   733 | D        | Received a gift from Trog
   738 | D        | Killed a deep elf master archer
   738 | D        | Reached skill level 15 in Axes
   740 | D        | Killed a deep elf mage
   740 | D        | Received a gift from Trog
   740 | D        | Killed a deep elf archer
   740 | D        | Reached skill level 18 in Fighting
   740 | D        | Reached XP level 12. HP: 30/92 MP: 12/12
   743 | D        | HP: 2/92 [deep elf blademaster/+0 rapier (4)]
   749 | D        | Killed a deep elf blademaster
   883 | D        | Entered arena 13.
   883 | D        | Noticed an acid blob
   884 | D        | Noticed a death ooze
   884 | D        | Noticed a great orb of eyes
   885 | D        | Found the ring of the Octopus King {rF+ AC+1 EV+1 Str+1
                  | Int+1 Dex+1}
   885 | D        | Found a transporter.
   900 | D        | Splashed by an acid blob's acid

Levels and vault maps discovered:
D:        sprint_v [room_start, room_1, room_2, room_3, room_4, room_5, room_6,
          room_7, room_8, room_9, room_10, room_11, room_12, room_13, room_14,
          room_15, room_16, room_17, room_18, room_19, room_20, room_21,
          room_22, room_23, room_24, room_25, room_26, room_27]

Skill      XL: |  1  2  3  4  5  6  7  8  9 10 11 |
---------------+----------------------------------+-----
Fighting       | 4 7 8 11 12 14 15 18 | 18.3
Axes           | 3 6 7 9 10 12 13 15 | 15.8
Dodging        | 2 3 4 6 7 8 9 10 | 10.8
Armour         | 5 6 7 9 10 11 13 | 13.4

Action                   |  1- 3 |  4- 6 |  7- 9 | 10-12 || total
-------------------------+-------+-------+-------+-------++-------
Melee: Broad axe         |     7 |    12 |    26 |   113 ||   158
Invok: Berserk           |     2 |       |     1 |     3 ||     6
       Trog's Hand       |       |       |       |     1 ||     1
       Brothers in Arms  |       |       |       |     1 ||     1
  Use: Scroll            |       |       |       |     1 ||     1
       Potion            |       |       |       |     1 ||     1
  Eat: Chunk             |       |       |     1 |     4 ||     5
Armor: Plate armour      |     1 |     1 |    18 |   103 ||   123
Dodge: Dodged            |       |     1 |     3 |    22 ||    26
Block: Shield            |    15 |    15 |    34 |   229 ||   293
